 Dungeon Crawl Stone Soup version 0.21-a0-538-gd16b88a (webtiles) character file.

241026 Amnesiac the Whirler (level 21, -3/148 HPs)
             Began as a Halfling Fighter on Dec 16, 2017.
             Was a High Priest of Okawaru.
             Killed by the effects of Hell (35 damage)
             ... on level 1 of the Iron City of Dis.
             The game lasted 01:10:52 (29044 turns).

Amnesiac the Whirler (Halfling Fighter)            Turns: 29044, Time: 01:10:53

Health: -3/148     AC: 39    Str: 24    XL:     21   Next: 1%
Magic:  29/29      EV: 20    Int:  6    God:    Okawaru [*****.]
Gold:   911        SH: 20    Dex: 19    Spells: 15/20 levels left

rFire    + . .     SeeInvis +   P - +5 fustibalus (freeze)
rCold    + . .     Gourm    .   N - +0 shield {rF+}
rNeg     . . .     Faith    .   V - +2 crystal plate armour
rPois    .         Spirit   .   j - +2 helmet {SInv}
rElec    .         Reflect  .   z - +2 cloak {rC+}
rCorr    .         Harm     .   G - +2 pair of gloves {archery}
MR       +....     Clarity  +   u - +0 pair of boots
Stlth    ..........             t - amulet of regeneration
HPRegen  0.74/turn              Q - +4 ring of slaying
MPRegen  0.21/turn              h - +3 ring of evasion

@: no status effects
A: small, hooves 1, large bone plates 1, thin skeletal structure 1, clarity,
mutation resistance 1
a: Heroism, Finesse, Renounce Religion


You were on level 1 of the Iron City of Dis.
You worshipped Okawaru.
Okawaru was extremely pleased with you.
You were not hungry.

You visited 5 branches of the dungeon, and saw 23 of its levels.
You also visited: Ice Cave.

You collected 1831 gold pieces.
You spent 920 gold pieces at shops.

Inventory:

Hand Weapons
 b - a +2 demon whip of electrocution
 w - a +0 blowgun
 P - a +5 fustibalus of freezing (weapon)
Missiles
 p - 3 needles of confusion
 x - 158 stones (quivered)
 y - 14 curare-tipped needles
 X - 45 sling bullets
Armour
 j - a +2 helmet of see invisible (worn)
 q - a scarf of spirit shield
 u - a +0 pair of boots (worn)
 z - a +2 cloak of cold resistance (worn)
 G - a +2 pair of gloves of archery (worn)
 N - a +0 shield of fire resistance (worn)
 V - a +2 crystal plate armour (worn)
Jewellery
 c - an uncursed ring of poison resistance
 h - a +3 ring of evasion (right hand)
 t - an amulet of regeneration (around neck)
 F - an uncursed ring of protection from magic
 L - an uncursed ring of flight
 Q - a +4 ring of slaying (left hand)
Wands
 s - a wand of acid (43)
 O - a wand of paralysis (9)
 R - a wand of digging (17)
Scrolls
 e - 2 scrolls of fog {!r}
 m - 2 scrolls of magic mapping {!r}
 n - 12 scrolls of remove curse {!r}
 o - 3 scrolls of blinking {!r}
 E - a scroll of fear {!r}
 J - 6 scrolls of teleportation {!r}
 U - 2 scrolls of amnesia {!r}
 W - a scroll of vulnerability {!r}
 Y - a scroll of silence {!r}
 Z - 3 scrolls of identify {!r}
Potions
 a - a potion of lignification {!q}
 d - 4 potions of might {!q}
 i - 8 potions of curing {!q}
 k - 4 potions of brilliance {!q}
 l - 4 potions of mutation {!q}
 r - 2 potions of agility {!q}
 v - 4 potions of haste {!q}
 A - 5 potions of flight {!q}
 C - 3 potions of magic {!q}
 D - a potion of cancellation {!q}
 M - 2 potions of invisibility {!q}
 T - 2 potions of heal wounds {!q}
Comestibles
 f - 15 bread rations
 g - 2 fruits
 B - 9 meat rations
 I - 16 royal jellies


   Skills:
 * Level 14.3 Fighting
   Level 2.4 Short Blades
 + Level 18.6 Slings
 * Level 16.6 Armour
 * Level 16.6 Dodging
 * Level 16.6 Shields
 + Level 11.8 Invocations
 - Level 6.0 Evocations


You had 15 spell levels left.
You knew the following spells:

 Your Spells              Type           Power        Failure   Level  Hunger
r - Regeneration          Chrm/Necr      #.........   100%        3    ####...
v - Blink                 Tloc           N/A          100%        2    ###....


Dungeon Overview and Level Annotations

Branches:
Dungeon (15/15)            Temple (1/1) D:5            Lair (0/6) D:11
    Orc (0/2) D:9          Vaults (0/5) D:14         Depths (5/5) D:15
   Hell (1/1)                 Dis (1/7) Hell            Geh (0/7) Hell
    Coc (0/7) Hell            Tar (0/7) Hell            Zot (0/5) Depths:5

Altars:
Ashenzari
Cheibriados
Dithmenos
Fedhas
Gozag
Hepliaklqana
Kikubaaqudgha
Makhleb
Nemelex Xobeh
Okawaru
Qazlal
Ru
Sif Muna
Trog
Uskayaw
Vehumet
Wu Jian
Xom
Yredelemnul
Zin
The Shining One
Lugonu

Shops:
D:5 *   D:8 ?   D:11 !   D:13 }   D:14 (   D:15 ?   Depths:2 }=}   Depths:4 }

Portals:
Hell: Depths:1 Depths:2 Depths:3 Depths:4 Depths:5
Abyss: Depths:1 Depths:2 Depths:4
Pandemonium: Depths:2 Depths:3
Ziggurat: Depths:2


Innate Abilities, Weirdness & Mutations

You are small and have problems with some larger weapons.
You are somewhat resistant to further mutation.
You have large cloven feet.
You are partially covered in large bone plates. (SH +4)
You have a somewhat thin skeletal structure. (Dex +2, Stealth)
You possess an exceptional clarity of mind.


Message History

Your body is wracked with pain!
* * * LOW HITPOINT WARNING * * *
Things that are here:
4 stones; a hell hound corpse You are too injured to fight recklessly!
You are too injured to fight recklessly!
You are too injured to fight recklessly!
You are too injured to fight recklessly!
Firing (i - inventory. (,) - cycle):
x - 150 stones (quivered)
Press: ? - help, Shift-Dir - straight line, f - tormentor
Aim: a tormentor You shoot a stone.
The stone hits the tormentor.
The stone freezes the tormentor.
The tormentor is moderately wounded.
Firing (i - inventory. (,) - cycle):
x - 149 stones (quivered)
Press: ? - help, Shift-Dir - straight line, f/p - tormentor
Aim: a tormentor (lightly wounded)
You shoot a stone. The stone hits the tormentor!
The stone freezes the tormentor.
The tormentor is heavily wounded.
The tormentor gestures at you. Pain shoots through your body!
* * * LOW HITPOINT WARNING * * *
Firing (i - inventory. (,) - cycle):
x - 148 stones (quivered)
Press: ? - help, Shift-Dir - straight line, f/p - tormentor
Aim: a tormentor (heavily wounded)
You shoot a stone. The stone hits the tormentor.
The stone freezes the tormentor.
The tormentor is severely wounded.
Firing (i - inventory. (,) - cycle):
x - 147 stones (quivered)
Press: ? - help, Shift-Dir - straight line, f/p - tormentor
Aim: a tormentor (heavily wounded)
You shoot a stone. The stone hits the tormentor.
The stone freezes the tormentor.
The tormentor is severely wounded.
The tormentor gestures at you. Pain shoots through your body!
* * * LOW HITPOINT WARNING * * *
Firing (i - inventory. (,) - cycle):
x - 146 stones (quivered)
Press: ? - help, Shift-Dir - straight line, f/p - tormentor
Aim: a tormentor (severely wounded)
You shoot a stone. The stone hits the tormentor!!
The stone freezes the tormentor.
You kill the tormentor!
Okawaru accepts your kill.
Firing (i - inventory. (,) - cycle):
x - 145 stones (quivered)
Press: ? - help, Shift-Dir - straight line, f - you That would be overly suicidal.
Okay, then.
Firing (i - inventory. (,) - cycle):
x - 145 stones (quivered)
Press: ? - help, Shift-Dir - straight line, f - you That would be overly suicidal.
Okay, then.
x - 149 stones (gained 4)
You see here a hell hound corpse.
x - 151 stones (gained 2)
x - 152 stones (gained 1)
x - 153 stones (gained 1)
x - 155 stones (gained 2)
x - 157 stones (gained 2)
x - 158 stones (gained 1) "We have you now!"
You are blasted with magical energy!
You die...

... .........# #.#
#†.# ..######.....#
#.# #..# ..# #.....#
#.####†.# ..#
#.....# #.......#
..# #.....#
#.......# ..#
#.....######.......#
..#
.................#
.................#
.......@.........#
#...##########...#
#.. #...# #...#
#...#


There were no monsters in sight!

Vanquished Creatures
  A juggernaut (Depths:5)
  A caustic shrike (Depths:4)
  4 golden dragons
  Geryon (Hell)
  A bone dragon (Depths:5)
  A Brimstone Fiend (Dis:1)
  Jorgrun (Depths:1)
  Rupert (D:12)
  An Ice Fiend (Dis:1)
  2 tentacled monstrosities
  A titan (Depths:3)
  A sphinx (Depths:3)
  Gastronok (D:12)
  4 shadow dragons
  An eldritch tentacle (Dis:1)
  The ghost of Marduk the Warrior, a journeyman OgTm of Okawaru (D:14)
  3 storm dragons
  5 tengu reavers
  5 fire giants
  5 frost giants
  2 balrugs
  A draconian knight (Depths:5)
  A juggernaut zombie (Depths:2)
  2 draconian annihilators (Depths:5)
  6 reapers
  2 spriggan defenders (Depths:3)
  2 war gargoyles
  10 very ugly things
  11 stone giants
  A green draconian (Depths:5)
  A yellow draconian (Depths:5)
  A black draconian (Depths:5)
  2 vampire knights
  2 red draconians (Depths:5)
  A white draconian (Depths:5)
  5 spark wasps (Depths:3)
  A merfolk javelineer (Depths:4)
  A blizzard demon (Hell)
  9 fire dragons
  A quicksilver dragon zombie (Dis:1)
  2 yaktaur captains
  7 ettins
  2 deep elf death magi
  2 merfolk impalers
  2 deep elf high priests
  Harold (D:12)
  A kraken zombie (Hell)
  9 ice dragons
  3 vault guards (D:14)
  2 hydras (D:15)
  3 spriggan air magi
  3 hell beasts
  2 rakshasas (Depths:2)
  7 great orbs of eyes
  2 centaur warriors
  A death knight (D:12)
  5 deep troll shamans
  4 deep troll earth magi
  9 tengu warriors
  9 two-headed ogres
  4 hell hogs
  A vampire mage (Depths:2)
  3 soul eaters
  A spriggan berserker (Depths:3)
  A titan skeleton (Depths:2)
  2 iron golems (Hell)
  2 shadow wraiths (Hell)
  7 sun demons
  2 iron trolls (Depths:4)
  17 skeletal warriors
  A hell knight (Depths:3)
  The ghost of tidbits the Magician, a novice GnEE of Cheibriados (D:8)
  4 unseen horrors
  A flayed ghost (Depths:4)
  A wizard (D:14)
  15 deep trolls
  4 glowing orange brains
  Pikel (D:6)
  The ghost of CasualChangeling the Carver, a novice TeBe of Trog (D:7)
  An anaconda skeleton (Dis:1)
  A necromancer (Depths:1)
  2 wolf spider zombies
  2 phantasmal warriors (Depths:4)
  A harpy (shapeshifter) (Depths:2)
  A deep elf mage (D:15)
  A mana viper (shapeshifter) (Depths:5)
  3 orc knights
  2 frost giant zombies
  A stone giant zombie (Depths:1)
  12 ugly things
  2 salamanders (shapeshifter)
  3 cyclopes
  2 manticores
  2 fire giant zombies
  An iron dragon skeleton (Depths:2)
  3 ice statues
  A black mamba (shapeshifter) (Depths:2)
  11 rust devils
  Psyche (D:10)
  A fire giant skeleton (Depths:1)
  2 gargoyles
  An orange demon (Depths:3)
  A molten gargoyle (Hell)
  The ghost of dvd the Chiller, a novice DsIE of Ashenzari (D:5)
  17 yaktaurs
  4 tormentors
  A hellion (Dis:1)
  A hellwing (Depths:3)
  5 kobold demonologists
  19 ice devils
  3 harpy zombies
  4 red devils
  A hydra zombie (Hell)
  A queen bee (D:11)
  5 tengu conjurers
  2 polar bears (D:12)
  A merfolk (shapeshifter) (Depths:2)
  6 trolls
  3 meliai (D:14)
  9 slime creatures
  Grinder (D:6)
  2 meliai zombies
  2 ice dragon zombies
  9 hippogriffs
  A redback (shapeshifter) (Depths:3)
  3 air elementals (Depths:2)
  3 alligator zombies (Hell)
  An ettin skeleton (Depths:1)
  3 shadows
  Sigmund (D:5)
  A vampire (D:10)
  A wyvern (D:14)
  16 water elementals
  A ynoxinul (Depths:3)
  An elf simulacrum (Depths:2)
  24 yaks
  2 wraiths
  Eustachio (D:5)
  7 fire elementals
  A hog (D:12)
  3 hungry ghosts
  A fire bat (shapeshifter) (D:15)
  4 basilisks
  A chaos spawn (Depths:3)
  The ghost of dvd the Chiller, an amateur DsIE (D:4)
  Menkaure (D:4)
  4 vampire mosquitoes (D:15)
  A hydra simulacrum (Hell)
  An acid dragon (D:14)
  12 hell hounds
  2 porcupines (D:11)
  2 water moccasins
  10 orc warriors
  5 sky beasts
  A swamp drake (D:9)
  2 slaves (D:6)
  2 phantoms
  10 black bears
  3 ice beasts
  A necrophage (D:7)
  A spiny frog skeleton (Hell)
  3 ogres
  7 boggarts
  9 centaurs
  2 crocodiles
  4 big kobolds
  4 bullfrogs
  A wyvern zombie (D:13)
  2 wyvern skeletons
  3 scorpions
  27 killer bees
  10 wights
  6 howler monkeys
  7 crimson imps
  A bullfrog zombie (D:7)
  9 hounds
  3 centaur zombies
  2 jellies (shapeshifter)
  4 quasits
  10 orc priests
  7 centaur skeletons
  4 iron imps (Dis:1)
  5 jellies
  10 orc wizards
  2 bullfrog skeletons
  6 iguanas
  8 worker ants
  A hell rat (Hell)
  A hound zombie (D:10)
  A hound skeleton (D:11)
  A mummy (Dis:1)
  2 worker ant zombies
  11 adders
  7 gnolls
  4 shadow imps
  24 white imps
  9 ufetubi
  An ooze (D:2)
  4 worms
  3 leopard geckos
  54 orcs
  2 ball pythons
  4 bats
  3 giant cockroaches
  12 goblins
  9 hobgoblins
  2 jackals (D:1)
  28 kobolds
  A quokka (D:2)
  7 frilled lizards
  A jackal skeleton (D:5)
  2 quokka skeletons
  6 rats
  A fungus (D:11)
  A plant (Depths:5)
896 creatures vanquished.

Vanquished Creatures (others)
  A fire giant (Depths:2)
  A yaktaur captain (Depths:5)
  A centaur warrior (Depths:4)
  A necromancer (Depths:2)
  2 yaktaurs (Depths:4)
  3 hell rats (Hell)
  A white imp (IceCv)
  4 ufetubi (IceCv)
  4 bushes (D:11)
  5 fungi (D:11)
  27 plants
  7 tentacles (Hell)
57 creatures vanquished.

Grand Total: 953 creatures vanquished

Notes
Turn   | Place    | Note
-------+----------+-------------------------------------------
     0 | D:1      | Amnesiac the Halfling Fighter began the quest for the Orb.
     0 | D:1      | Reached XP level 1. HP: 15/15 MP: 1/1
    19 | D:1      | Reached skill level 1 in Dodging
    48 | D:1      | Reached XP level 2. HP: 16/20 MP: 2/2
   132 | D:1      | Reached skill level 1 in Slings
   268 | D:1      | Reached XP level 3. HP: 25/25 MP: 3/3
   285 | D:1      | Reached skill level 2 in Slings
   591 | D:2      | Reached skill level 3 in Slings
   591 | D:2      | Reached XP level 4. HP: 29/30 MP: 4/4
  1030 | D:2      | Reached skill level 4 in Slings
  1130 | D:2      | Reached XP level 5. HP: 13/35 MP: 5/5
  1652 | D:3      | Reached skill level 5 in Slings
  1967 | D:3      | Found a shimmering altar of Xom.
  2107 | D:4      | Noticed dvd's ghost (amateur DsIE)
  2202 | D:5      | Entered Level 5 of the Dungeon
  2326 | D:5      | Noticed Eustachio
  2375 | D:5      | Killed Eustachio
  2375 | D:5      | Reached skill level 7 in Slings
  2375 | D:5      | Reached XP level 6. HP: 30/41 MP: 6/6
  2410 | D:5      | Found a staircase to the Ecumenical Temple.
  2417 | Temple   | Entered the Ecumenical Temple
  2578 | D:5      | Noticed a sky beast
  2588 | D:5      | Noticed Sigmund
  2607 | D:4      | Killed a sky beast
  2607 | D:4      | Reached skill level 8 in Slings
  2607 | D:4      | Reached XP level 7. HP: 36/45 MP: 7/7
  2612 | D:4      | Gained mutation: Potions are less effective at restoring your health. [mutagenic meat]
  2614 | D:4      | Gained mutation: You have large cloven feet. [mutagenic meat]
  2616 | D:4      | Gained mutation: You possess an exceptional clarity of mind. [mutagenic meat]
  2639 | D:4      | Reached skill level 9 in Slings
  2766 | D:4      | Reached skill level 10 in Slings
  3041 | D:4      | Killed dvd's ghost
  3041 | D:4      | Reached XP level 8. HP: 23/51 MP: 8/8
  3210 | D:4      | Found a snail-covered altar of Cheibriados.
  3229 | D:4      | Noticed Menkaure
  3239 | D:4      | Killed Menkaure
  3239 | D:4      | Reached skill level 11 in Slings
  3384 | D:5      | Killed Sigmund
  3384 | D:5      | Reached skill level 12 in Slings
  3409 | D:5      | Noticed dvd's ghost (novice DsIE)
  3424 | D:5      | Killed dvd's ghost
  3463 | D:5      | Reached XP level 9. HP: 11/56 MP: 9/9
  3539 | D:5      | Reached skill level 1 in Evocations
  3562 | D:5      | Found Rimaran's General Store.
  4084 | D:5      | Found a hazy altar of Hepliaklqana.
  4091 | D:5      | Found an iron altar of Okawaru.
  4169 | D:5      | Became a worshipper of Warmaster Okawaru
  4383 | D:6      | Noticed Pikel
  4412 | D:6      | Killed Pikel
  4412 | D:6      | Reached * piety under Okawaru
  4482 | D:6      | Noticed Grinder
  4498 | D:6      | Killed Grinder
  4498 | D:6      | Reached skill level 5 in Armour
  4498 | D:6      | Reached skill level 5 in Dodging
  4498 | D:6      | Reached skill level 5 in Shields
  4791 | D:7      | Learned a level 1 spell: Confusing Touch
  4897 | D:7      | Reached skill level 1 in Invocations
  4899 | D:7      | Noticed CasualChangeling's ghost (novice TeBe)
  4926 | D:7      | Killed CasualChangeling's ghost
  4926 | D:7      | Reached ** piety under Okawaru
  4926 | D:7      | Reached XP level 10. HP: 49/65 MP: 11/11
  5042 | D:7      | Reached skill level 13 in Slings
  5146 | D:7      | Reached skill level 5 in Fighting
  5625 | D:8      | Found Inustu Lile's Magic Scroll Boutique.
  5670 | D:8      | Bought a scroll of enchant weapon for 120 gold pieces
  5693 | D:8      | Found an ancient bone altar of Kikubaaqudgha.
  5824 | D:8      | Found an ornate altar of the Wu Jian Council.
  5860 | D:8      | Reached *** piety under Okawaru
  5917 | D:8      | Noticed a two-headed ogre
  5924 | D:8      | Killed a two-headed ogre
  5924 | D:8      | Received a gift from Okawaru
  6068 | D:8      | Noticed tidbits's ghost (novice GnEE)
  6087 | D:8      | Killed tidbits's ghost
  6087 | D:8      | Reached **** piety under Okawaru
  6254 | D:8      | Noticed a two-headed ogre
  6262 | D:8      | Killed a two-headed ogre
  6262 | D:8      | Reached XP level 11. HP: 34/72 MP: 13/13
  6467 | D:9      | Received a gift from Okawaru
  7390 | D:9      | Found a staircase to the Orcish Mines.
  8079 | D:8      | Bought a scroll of brand weapon for 320 gold pieces
  8175 | D:10     | Entered Level 10 of the Dungeon
  8268 | D:10     | Reached ***** piety under Okawaru
  8268 | D:10     | Received a gift from Okawaru
  8436 | D:10     | Noticed Psyche
  8457 | D:10     | Killed Psyche
  8823 | D:10     | Noticed a two-headed ogre
  8831 | D:10     | Killed a two-headed ogre
  8859 | D:10     | Got a crude rapier
  9547 | D:11     | Identified the cursed +3 rapier of the Mushroom {pierce, rF+ rN+ MP+9} (You found it on level 10 of the Dungeon)
  9575 | D:11     | Found a frozen archway.
  9656 | IceCv    | Entered an ice cave
  9866 | IceCv    | Received a gift from Okawaru
  9897 | IceCv    | Reached XP level 12. HP: 80/80 MP: 15/15
  9962 | IceCv    | Received a gift from Okawaru
 10290 | IceCv    | Noticed a reaper
 10303 | IceCv    | Killed a reaper
 10303 | IceCv    | Reached skill level 14 in Slings
 10484 | D:11     | Noticed a death knight
 10489 | D:11     | Noticed a two-headed ogre
 10492 | D:11     | Killed an unseen horror
 10492 | D:11     | Reached skill level 5 in Evocations
 10504 | D:12     | Killed a death knight
 10625 | D:12     | Noticed Harold
 10638 | D:12     | Killed Harold
 10638 | D:12     | Reached skill level 5 in Invocations
 10665 | D:12     | Found a huge runed gate.
 10666 | D:12     | Found a huge runed gate.
 10704 | D:12     | Found a huge runed gate.
 10709 | D:12     | Found a huge runed gate.
 10753 | D:12     | Received a gift from Okawaru
 10916 | D:12     | Noticed Gastronok
 10938 | D:12     | Killed Gastronok
 10938 | D:12     | Reached XP level 13. HP: 42/88 MP: 17/17
 11255 | D:12     | Noticed Rupert
 11274 | D:12     | Killed Rupert
 11414 | D:12     | Reached skill level 10 in Armour
 11433 | D:12     | Reached skill level 10 in Shields
 11762 | D:11     | Reached skill level 10 in Dodging
 11821 | D:11     | Found Zeibeitt's Distillery.
 11831 | D:11     | Bought 2 potions of heal wounds for 150 gold pieces
 11831 | D:11     | Bought a potion of heal wounds for 75 gold pieces
 11831 | D:11     | Bought a potion of lignification for 45 gold pieces
 12008 | D:11     | Found a staircase to the Lair.
 12437 | D:11     | Received a gift from Okawaru
 12601 | D:12     | Reached XP level 14. HP: 87/95 MP: 18/18
 12928 | D:13     | Reached ****** piety under Okawaru
 12951 | D:13     | Received a gift from Okawaru
 12955 | D:13     | Got a heavily runed plate armour {god gift}
 12978 | D:13     | Identified the +5 plate armour "Wuphesuf" {*Corrode rF+ rC++ MR+} (Okawaru gifted it to you on level 13 of the Dungeon)
 12997 | D:13     | Gained mutation: You have a somewhat thin skeletal structure. (Dex +2, Stealth) [mutagenic meat]
 12998 | D:13     | Gained mutation: You are partially covered in large bone plates. (SH +4) [mutagenic meat]
 13002 | D:13     | Lost mutation: Potions are less effective at restoring your health. [mutagenic meat]
 13106 | D:13     | Reached skill level 15 in Slings
 13362 | D:13     | Found Ihialug's Gadget Shoppe.
 13623 | D:14     | Noticed Marduk's ghost (journeyman OgTm)
 13662 | D:14     | Killed Marduk's ghost
 13835 | D:14     | Learned a level 3 spell: Regeneration
 13873 | D:14     | Found a shattered altar of Ashenzari.
 14172 | D:14     | Found Qyurreimu's Antique Weapon Shoppe.
 14224 | D:14     | Got a shimmering long sword
 14279 | D:14     | Identified the cursed +0 long sword of Kas Haon {slice, Dex+2} (You found it on level 14 of the Dungeon)
 14666 | D:14     | Found a gate to the Vaults.
 14705 | D:14     | Received a gift from Okawaru
 14745 | D:15     | Entered Level 15 of the Dungeon
 14820 | D:15     | Reached XP level 15. HP: 103/103 MP: 20/20
 14986 | D:15     | Reached skill level 10 in Fighting
 15377 | D:15     | Received a gift from Okawaru
 15576 | D:15     | Found a staircase to the Depths.
 15679 | D:15     | Found a hazy altar of Hepliaklqana.
 15714 | D:15     | Found Ezis's Magic Scroll Boutique.
 15719 | D:15     | Bought a scroll of enchant weapon for 105 gold pieces
 15719 | D:15     | Bought a scroll of enchant weapon for 105 gold pieces
 16194 | Depths:1 | Entered Level 1 of the Depths
 16339 | Depths:1 | Noticed a tengu reaver
 16361 | Depths:1 | Paralysed by a great orb of eyes for 4 turns
 16373 | Depths:1 | Killed a tengu reaver
 16747 | Depths:1 | Found a sparkling altar of Nemelex Xobeh.
 17033 | Depths:1 | Found a one-way gate to the infinite horrors of the Abyss.
 17068 | Depths:1 | Noticed a balrug
 17090 | Depths:1 | Killed a balrug
 17215 | Depths:1 | Found a gateway to Hell.
 17377 | Depths:1 | Noticed Jorgrun
 17408 | Depths:1 | Killed Jorgrun
 17510 | Depths:2 | Noticed a stone giant
 17516 | Depths:2 | Killed a stone giant
 17848 | Depths:2 | Received a gift from Okawaru
 17859 | Depths:2 | Noticed a tengu reaver
 17885 | Depths:2 | Killed a tengu reaver
 17885 | Depths:2 | Received a gift from Okawaru
 17950 | Depths:2 | Received a gift from Okawaru
 17950 | Depths:2 | Reached XP level 16. HP: 106/111 MP: 22/22
 17953 | Depths:2 | Got a steaming hunting sling {god gift}
 17954 | Depths:2 | Identified the +3 hunting sling "Zirux" {flame, +Inv rPois} (Okawaru gifted it to you on level 2 of the Depths)
 18097 | Depths:2 | Reached skill level 16 in Slings
 18575 | Depths:2 | Noticed a frost giant
 18637 | Depths:1 | Killed a frost giant
 18637 | Depths:1 | Received a gift from Okawaru
 19075 | Depths:2 | Noticed a fire giant
 19089 | Depths:2 | Killed a fire giant
 19157 | Depths:2 | Got a vibrating platinum ring
 19179 | Depths:2 | Noticed a fire giant
 19193 | Depths:2 | Killed a fire giant
 19294 | Depths:2 | Noticed a frost giant
 19312 | Depths:2 | Killed a frost giant
 19313 | Depths:2 | Noticed a fire giant
 19588 | Depths:2 | Identified the ring of Vanity {*Corrode +Fly MP+9 Dex+5 SInv} (You took it off a yaktaur on level 2 of the Depths)
 19667 | Depths:2 | Killed a fire giant
 19982 | Depths:2 | Found a one-way gate leading to the halls of Pandemonium.
 20023 | Depths:2 | Noticed a frost giant
 20037 | Depths:2 | Killed a frost giant
 20055 | Depths:2 | Reached XP level 17. HP: 117/117 MP: 23/23
 20085 | Depths:2 | Found a gateway to a ziggurat.
 20106 | Depths:2 | Received a gift from Okawaru
 20186 | Depths:2 | Found Icso's Gadget Boutique.
 20186 | Depths:2 | Found Heseuq's Jewellery Shoppe.
 20188 | Depths:2 | Found Aloemoy's Gadget Boutique.
 20664 | Depths:3 | Noticed a storm dragon
 20686 | Depths:3 | Noticed a tengu reaver
 20702 | Depths:3 | Noticed a titan
 20724 | Depths:3 | Killed a storm dragon
 20737 | Depths:3 | Noticed a golden dragon
 20765 | Depths:3 | Killed a golden dragon
 20769 | Depths:3 | Killed a titan
 20783 | Depths:3 | Killed a tengu reaver
 20895 | Depths:3 | Noticed a tengu reaver
 20913 | Depths:3 | Received a gift from Okawaru
 20918 | Depths:3 | Killed a tengu reaver
 20940 | Depths:3 | Noticed a storm dragon
 20952 | Depths:3 | Killed a storm dragon
 20952 | Depths:3 | Received a gift from Okawaru
 21064 | Depths:3 | Noticed a tentacled monstrosity
 21112 | Depths:3 | Killed a tentacled monstrosity
 21112 | Depths:3 | Reached skill level 17 in Slings
 21283 | Depths:3 | Reached XP level 18. HP: 94/126 MP: 25/25
 21291 | Depths:3 | Received a gift from Okawaru
 21550 | Depths:3 | HP: 4/126 [shadow dragon/bolt of negative energy (38)]
 21834 | Depths:3 | Reached skill level 10 in Invocations
 22008 | Depths:3 | Received a gift from Okawaru
 22016 | Depths:3 | Got a slimy chain mail {god gift}
 22027 | Depths:3 | Identified the +5 chain mail of Amnesiac's Honour {rF++ Regen+ Int-4} (Okawaru gifted it to you on level 3 of the Depths)
 22932 | Depths:4 | Learned a level 2 spell: Blink
 23222 | Depths:4 | Received a gift from Okawaru
 23522 | Depths:4 | Reached skill level 15 in Armour
 23553 | Depths:4 | Noticed a tentacled monstrosity
 23566 | Depths:4 | Killed a tentacled monstrosity
 23566 | Depths:4 | Reached skill level 15 in Dodging
 23566 | Depths:4 | Reached skill level 15 in Shields
 23630 | Depths:4 | Found a corrupted altar of Lugonu.
 23750 | Depths:4 | Found Jeteoj's Gadget Shoppe.
 23971 | Depths:4 | Noticed a caustic shrike
 24005 | Depths:4 | Received a gift from Okawaru
 24005 | Depths:4 | Reached XP level 19. HP: 134/134 MP: 26/26
 24024 | Depths:4 | Noticed a golden dragon
 24024 | Depths:4 | Noticed a golden dragon
 24038 | Depths:4 | Killed a golden dragon
 24047 | Depths:4 | Killed a golden dragon
 24075 | Depths:4 | Received a gift from Okawaru
 24076 | Depths:4 | Found the +4 Vampire's Tooth {vamp}
 24103 | Depths:4 | Killed a caustic shrike
 24463 | Depths:5 | Entered Level 5 of the Depths
 24467 | Depths:5 | Noticed a juggernaut
 24486 | Depths:5 | Killed a juggernaut
 24797 | Depths:5 | Noticed a golden dragon
 24830 | Depths:5 | Killed a golden dragon
 25075 | Depths:5 | Received a gift from Okawaru
 25082 | Depths:5 | Reached skill level 18 in Slings
 25549 | Depths:5 | Found a gate to the Realm of Zot.
 25846 | Depths:5 | Noticed a bone dragon
 25924 | Depths:5 | Killed a bone dragon
 26006 | Depths:5 | Reached XP level 20. HP: 97/141 MP: 28/28
 26383 | Hell     | Entered the Vestibule of Hell
 26383 | Hell     | Noticed Geryon
 26402 | Hell     | Killed Geryon
 26417 | Depths:5 | Received a gift from Okawaru
 27729 | Hell     | Found a gateway to the ashen valley of Gehenna.
 27832 | Hell     | Found a gateway to the freezing wastes of Cocytus.
 28009 | Hell     | Found a gateway to the Iron City of Dis.
 28140 | Hell     | Found a gateway to the decaying netherworld of Tartarus.
 28474 | Dis:1    | Entered Level 1 of the Iron City of Dis
 28765 | Dis:1    | Noticed a Brimstone Fiend
 28771 | Dis:1    | Killed a Brimstone Fiend
 28779 | Dis:1    | Received a gift from Okawaru
 28808 | Dis:1    | Got a brightly glowing hunting sling {god gift}
 28809 | Dis:1    | Identified the +4 hunting sling of Feekum {flame, rN+ Int+2} (Okawaru gifted it to you on level 1 of the Iron City of Dis)
 28847 | Dis:1    | Noticed an Ice Fiend
 28861 | Dis:1    | Killed an Ice Fiend
 28919 | Dis:1    | Reached XP level 21. HP: 57/148 MP: 29/29
 29044 | Dis:1    | Killed by the effects of Hell

Vault maps used:
D:1:      minmay_arrival_up_and_down
D:2:      st_stairs_4
D:3:      brannock_xom_greatest_gift
D:4:      cheibriados_altar_1, minivault_27, uniq_menkaure
D:5:      amethyst_overflow_temple_binary, minmay_temple_entry_grid,
          first_bread, serial_shops, nicolae_shop_statue_plus, uniq_eustachio,
          uniq_sigmund
D:6:      uniq_pikel, uniq_grinder
D:8:      lemuel_doored_altar, kiku_gazebo_garden_becter, serial_shops,
          nicolae_shop_trees
D:9:      nicolae_overflow_hidden_temple, erik_orc_1, small_chamber_with_monster
D:10:     hangedman_corner_corridor, uniq_psyche
D:11:     minmay_lair_entry_grove, portal_ice_cave_entry_imps, serial_shops,
          shop, david_nohive_1
D:12:     lemuel_bear_cage, uniq_rupert, uniq_harold, uniq_gastronok
D:13:     serial_shops, nicolae_shop_window_shopping
D:14:     grunt_vaults_entry_fortified, serial_shops,
          nicolae_shop_window_shopping, minivault_19, hangedman_decor_growths,
          nicolae_ashenzari_panopticon
D:15:     gammafunk_enter_depths_forms, basic_altar, serial_shops,
          nicolae_shop_trees
Temple:   regret_index_temple_waves
Depths:1: lightli_too_deep, abyss_entry, nicolae_two_hexagons, spider_trap,
          hangedman_decor_push, minmay_misc_feat_five,
          nemelex_diamond_rough_becter, uniq_jorgrun
Depths:2: minmay_big_diamond_grid, enter_ziggurat_e, abyss_entry, hell_entry,
          infiniplex_staircase_star, rand_demon_pan_entry_1, minmay_shop_grove
Depths:3: minmay_cut_squares, grunt_pan_entry_sceptre, pf_hell_entry_tar_spiral,
          minmay_misc_feat_square, kennysheep_flooded_box, minmay_evil_grid,
          infiniplex_staircase_zigzag_5
Depths:4: minmay_the_grid_triangle_9x9_rhombus_thin, abyss_entry_flame_altar,
          kennysheep_doodads, hell_entry, serial_shops, kennysheep_little_box,
          spider_trap
Depths:5: grunt_zot_entry_pinwheel, hangedman_abyss_or_decor_slice,
          pf_vacation_house_of_asmodeus, serial_bayou_shore_a
IceCv:    ice_cave_small_demon

Skill      XL: |  1  2  3  4  5  6  7  8  9 10 11 12 13 14 15 16 17 18 19 20 |
---------------+-------------------------------------------------------------+-----
Dodging        | 1 2 3 5 6 8 9 10 11 12 13 14 15 16 | 16.6
Slings         | 1 3 4 7 8 10 12 13 14 15 16 17 18 | 18.6
Fighting       | 3 4 5 6 7 8 9 10 11 12 13 14 | 14.3
Armour         | 5 6 8 9 10 11 12 13 14 15 16 | 16.6
Shields        | 5 6 8 9 10 11 12 13 14 15 16 | 16.6
Evocations     | 2 3 4 5 6 |  6.0
Invocations    | 1 3 4 5 6 7 8 9 10 11 | 11.8
Short Blades   | |  2.4

Action                   |  1- 3 |  4- 6 |  7- 9 | 10-12 | 13-15 | 16-18 | 19-21 || total
-------------------------+-------+-------+-------+-------+-------+-------+-------++-------
Melee: Rapier            |    98 |    37 |    71 |    22 |     4 |       |       ||   232
       Hunting sling     |       |       |       |     1 |       |       |       ||     1
       Demon whip        |       |       |       |       |     1 |    80 |       ||    81
 Fire: Hunting sling     |    18 |   299 |   254 |   871 |  1340 |  1342 |       ||  4124
       Blowgun           |       |       |       |       |     2 |       |       ||     2
       Fustibalus        |       |       |       |       |       |   148 |  1086 ||  1234
Invok: Finesse           |       |       |       |     2 |     3 |    13 |     8 ||    26
       Heroism           |       |       |       |     1 |     2 |    13 |     8 ||    24
 Abil: Evoke Flight      |       |       |       |       |     1 |       |       ||     1
Evoke: Wand              |       |       |     5 |       |       |       |       ||     5
  Use: Scroll            |       |       |    11 |    16 |     4 |     6 |     6 ||    43
       Potion            |       |       |     1 |       |       |     4 |     2 ||     7
  Eat: Chunk             |       |     5 |    12 |    17 |    20 |    12 |     7 ||    73
       Fruit             |       |       |       |     9 |     5 |       |       ||    14
       Royal jelly       |       |       |       |       |       |     2 |       ||     2
       Bread ration      |       |       |       |       |       |       |     2 ||     2
Armor: Scale mail        |    34 |    25 |       |       |       |       |       ||    59
       Plate armour      |       |    71 |    52 |   113 |    97 |       |       ||   333
       Chain mail        |       |       |       |       |    29 |    15 |       ||    44
       Crystal plate arm |       |       |       |       |       |   205 |   156 ||   361
Dodge: Dodged            |    41 |    77 |    26 |    71 |   178 |   239 |   199 ||   831
Block: Shield            |    54 |   105 |    66 |   226 |   299 |   508 |   462 ||  1720
       Reflection        |       |       |       |    11 |       |    15 |     9 ||    35

Table legend:
 A = Spawn XP
 B = Non-spawn XP
 C = Spawn XP percentage of total XP
 D = Spawn monster count
 E = Non-spawn monster count
 F = Spawn count percentage of total count
 G = Total turns spent on level
                    A         B        C        D         E        F      G
               +---------+---------+-------+---------+---------+-------+---------
         Total |       0 |  415065 |   0.0 |       0 |     897 |   0.0 | 29044
               +---------+---------+-------+---------+---------+-------+---------
           D:1 |       0 |      60 |   0.0 |       0 |      27 |   0.0 |   719
           D:2 |       0 |      94 |   0.0 |       0 |      25 |   0.0 |   839
           D:3 |       0 |      72 |   0.0 |       0 |      21 |   0.0 |   541
           D:4 |       0 |     855 |   0.0 |       0 |      15 |   0.0 |   901
           D:5 |       0 |    1183 |   0.0 |       0 |      22 |   0.0 |  1120
           D:6 |       0 |    1348 |   0.0 |       0 |       9 |   0.0 |   539
           D:7 |       0 |    2076 |   0.0 |       0 |      34 |   0.0 |   827
           D:8 |       0 |    2717 |   0.0 |       0 |       8 |   0.0 |  1098
           D:9 |       0 |    1768 |   0.0 |       0 |      37 |   0.0 |  1468
          D:10 |       0 |    4170 |   0.0 |       0 |      35 |   0.0 |  1373
          D:11 |       0 |    8345 |   0.0 |       0 |      68 |   0.0 |  1027
          D:12 |       0 |   17393 |   0.0 |       0 |      74 |   0.0 |  1306
          D:13 |       0 |   11268 |   0.0 |       0 |      38 |   0.0 |   888
          D:14 |       0 |   13538 |   0.0 |       0 |      40 |   0.0 |  1172
          D:15 |       0 |   15020 |   0.0 |       0 |      41 |   0.0 |  1449
      Depths:1 |       0 |   13793 |   0.0 |       0 |      12 |   0.0 |  1693
      Depths:2 |       0 |   58263 |   0.0 |       0 |      70 |   0.0 |  2687
      Depths:3 |       0 |   68833 |   0.0 |       0 |      62 |   0.0 |  2133
      Depths:4 |       0 |   60636 |   0.0 |       0 |      59 |   0.0 |  2140
      Depths:5 |       0 |   69970 |   0.0 |       0 |      75 |   0.0 |  2708
          Hell |       0 |   28621 |   0.0 |       0 |      47 |   0.0 |   919
         Dis:1 |       0 |   29143 |   0.0 |       0 |      49 |   0.0 |   570
         IceCv |       0 |    5899 |   0.0 |       0 |      29 |   0.0 |   804
               +---------+---------+-------+---------+---------+-------+---------
